 Dungeon Crawl Stone Soup version 0.24-a0-59-gc4a3eeb (webtiles) character file.

Game seed: 8824111444314334149

128 Dantiko the Cudgeler (level 4, -6/41 HPs)
             Began as a Troll Gladiator on Feb 5, 2019.
             Mangled by Pikel
             ... wielding a +1 whip of electrocution
              (9 damage)
             ... on level 4 of the Dungeon.
             The game lasted 00:06:30 (2097 turns).

Dantiko the Cudgeler (Troll Gladiator)              Turns: 2097, Time: 00:06:31

Health: -6/41      AC:  6    Str: 22    XL:     4   Next: 86%
Magic:  3/3        EV: 10    Int:  4    God:
Gold:   119        SH:  0    Dex: 12    Spells: 3/3 levels left

rFire    . . .     SeeInvis .   a - +0 flail
rCold    . . .     Gourm    +   (no shield)
rNeg     . . .     Faith    .   b - +0 robe
rPois    .         Spirit   .   c - +0 hat
rElec    .         Reflect  .   (no cloak)
rCorr    .         Harm     .   (gloves unavailable)
MR       .....                  (boots unavailable)
Stlth    +.........             (no amulet)
HPRegen  0.53/turn              (no ring)
MPRegen  0.08/turn              (no ring)

@: no status effects
A: large, unfitting armour, claws 3, fast metabolism 3, gourmand, regeneration
1, shaggy fur 1, tough skin 3
a: no special abilities


You were on level 4 of the Dungeon.
You were completely stuffed.

You visited 1 branch of the dungeon, and saw 4 of its levels.

You collected 119 gold pieces.

Inventory:

Hand Weapons
 a - a +0 flail (weapon)
Missiles
 d - 3 throwing nets
 g - 5 poisoned tomahawks
 o - 6 tomahawks
 q - 36 stones (quivered)
Armour
 b - a +0 robe (worn)
 c - a +0 hat (worn)
Jewellery
 r - an uncursed ring of protection from magic {unknown}
Wands
 n - a wand of polymorph (5)
Scrolls
 e - 6 scrolls of identify {unknown}
 h - a scroll of blinking {unknown}
 j - a scroll of noise {unknown}
 k - a scroll of remove curse {unknown}
 l - a scroll of teleportation {unknown}
 p - a scroll of amnesia {unknown}
 t - a scroll of immolation {unknown}
 u - a scroll of magic mapping {unknown}
 v - a scroll of fog {unknown}
 w - a scroll of enchant weapon {unknown}
Potions
 i - 5 potions of curing {unknown}
 m - a potion of brilliance {unknown}
Comestibles
 f - 8 rations
 s - a chunk of flesh


   Skills:
 - Level 1.5 Fighting
 * Level 5.1 Maces & Flails
 - Level 1.7 Throwing
 - Level 2.4 Dodging


You had 3 spell levels left.
You didn't know any spells.
Your spell library was empty.

Dungeon Overview and Level Annotations

Branches:
Dungeon (4/15)
 Temple: D:4-7

Altars:

Annotations:
D:4 Pikel


Innate Abilities, Weirdness & Mutations

You are too large for most types of armour.
You have claws for hands.
Your metabolism is lightning-fast.
You like to eat raw meat.
Your natural rate of healing is unusually fast.
You are covered in fur. (AC +1)
You have extremely tough skin. (AC +3)


Message History

Done exploring.
(D) Dungeon
Where to? (Enter - D:3, ? - help)
There is a stone staircase leading down here.
You climb downwards. 4 slaves and Pikel come into view.
Pikel is wielding a +1 whip of electrocution.
The slave shouts! x4; You hear an angry hiss.
There is a stone staircase leading up here.
The slave closely misses you.
You hit Pikel but do no damage. Pikel barely misses you.
The slave hits you but does no damage.
You miss Pikel. Pikel hits you but does no damage.
You are electrocuted!!
The slave hits you! x2
* * * LOW HITPOINT WARNING * * *
The slave hits you.
* * * LOW HITPOINT WARNING * * *
You hit Pikel but do no damage.
Pikel hits you with a +1 whip of electrocution!
You die...

..# #.#
#.# #.#
#.#
#####.#
#.....#
#p###
#@pp#
#pK...#
....#.#
##.###
# ..#
###


You could see Pikel and 4 slaves.

Vanquished Creatures
  Ijyb (D:3)
  4 adders (D:2)
  3 worms (D:2)
  3 dart slugs
  2 leopard geckos
  An orc (D:2)
  3 giant cockroaches
  4 goblins
  7 hobgoblins
  2 quokkas (D:2)
  3 ball pythons
  6 bats
  4 frilled lizards
  3 kobolds
  3 rats
49 creatures vanquished.

Notes
Turn   | Place    | Note
-------+----------+-------------------------------------------
     0 | D:1      | Dantiko the Troll Gladiator began the quest for the Orb.
     0 | D:1      | Reached XP level 1. HP: 19/19 MP: 0/0
    80 | D:1      | Reached skill level 3 in Maces & Flails
   305 | D:1      | Reached XP level 2. HP: 21/27 MP: 1/1
  1016 | D:2      | Reached XP level 3. HP: 32/33 MP: 2/2
  1028 | D:2      | Reached skill level 4 in Maces & Flails
  1235 | D:2      | Reached XP level 4. HP: 30/41 MP: 3/3
  1655 | D:3      | Noticed Ijyb
  1684 | D:3      | Killed Ijyb
  1684 | D:3      | Reached skill level 5 in Maces & Flails
  1736 | D:3      | Found a faded altar of an unknown god.
  2093 | D:4      | Noticed Pikel
  2093 | D:4      | Noticed a slave
  2093 | D:4      | Noticed a slave
  2093 | D:4      | Noticed a slave
  2093 | D:4      | Noticed a slave
  2097 | D:4      | Mangled by Pikel

Vault maps used:
D:1:      minmay_arrival_four_loops
D:2:      minmay_misc_feat_square, kennysheep_generic_room_2
D:3:      first_ration, chequers_ecumenical_altar_simple_redux, uniq_ijyb
D:4:      serial_shops, kennysheep_mini_moat, uniq_pikel, uniq_natasha,
          uniq_duvessa

Skill      XL: |  1  2  3  4 |
---------------+-------------+-----
Maces & Flails | 3 4 5 |  5.1
Fighting       | |  1.5
Throwing       | |  1.7
Dodging        | |  2.4

Action                   |  1- 3 |  4- 6 || total
-------------------------+-------+-------++-------
Melee: Flail             |   111 |    89 ||   200
Throw: Stone             |       |     7 ||     7
 Stab: Sleeping          |       |     2 ||     2
  Eat: Chunk             |    17 |     8 ||    25
Armor: Robe              |    48 |    30 ||    78
       Skin              |       |    13 ||    13
Dodge: Dodged            |    63 |    47 ||   110

Table legend:
 A = Non-vault XP
 B = Vault XP
 C = Vault XP percentage of total XP
 D = Non-vault monster count
 E = Vault monster count
 F = Vault count percentage of total count
                 A         B        C        D         E       F
            +---------+---------+-------+---------+---------+-------
      Total |     143 |      40 |  21.9 |      47 |       2 |   4.1
            +---------+---------+-------+---------+---------+-------
        D:1 |      14 |       0 |   0.0 |      10 |       0 |   0.0
        D:2 |     114 |       2 |   1.7 |      29 |       1 |   3.3
        D:3 |      15 |      38 |  71.7 |       8 |       1 |  11.1
            +---------+---------+-------+---------+---------+-------
